 Dungeon Crawl Stone Soup version 0.28-a0-1382-g92835e5c71 (webtiles) character file.

Game seed: 8780508492644489737

154 enile the Poker (level 5, 0/42 HPs)
             Began as a Merfolk Gladiator on Jan 2, 2022.
             Was a High Priest of Ignis.
             Slain by an orc (4 damage)
             ... on level 4 of the Dungeon.
             The game lasted 00:05:39 (3112 turns).

enile the Poker (Merfolk Gladiator)                 Turns: 3112, Time: 00:05:39

Health: 0/42       AC: 11    Str: 16    XL:     5   Next: 35%
Magic:  5/5        EV: 13    Int:  8    God:    Ignis [*****.]
Gold:   123        SH:  0    Dex: 15    Spells: 2/4 levels left

rFire   + . .      SeeInvis .   a - +0 trident
rCold   . . .      Faith    .   (no shield)
rNeg    . . .      Spirit   .   b - +0 leather armour
rPois   .          Reflect  .   c - +0 helmet
rElec   .          Harm     .   (no cloak)
rCorr   .          Rampage  .   (no gloves)
Will    .....                   (no boots)
Stlth   +.........              (no amulet)
HPRegen 0.14/turn               (no ring)
MPRegen 0.09/turn               (no ring)

@: fiery-armoured
A: (nimble swimmer 2), mertail
a: Renounce Religion, Fiery Armour, Foxfire Swarm, Rising Flame


You were on level 4 of the Dungeon.
You worshipped Ignis.
Ignis was extremely pleased with you.
You visited 1 branch of the dungeon, and saw 4 of its levels.

You collected 123 gold pieces.

Inventory:

Hand Weapons
 a - a +0 trident (weapon)
 p - a +3 short sword
Missiles
 d - 3 throwing nets
 g - 79 stones (quivered)
Armour
 b - a +0 leather armour (worn)
 c - a +0 helmet (worn)
 i - a +0 ring mail
Jewellery
 h - a ring of protection from fire
Scrolls
 e - 2 scrolls of identify {unknown}
 f - a scroll of teleportation {unknown}
 m - a scroll of enchant armour {unknown}
 n - 2 scrolls of amnesia {unknown}
 q - a scroll of fog {unknown}
Potions
 j - a potion of mutation {unknown}
 k - 3 potions of curing
 l - a potion of brilliance {unknown}
 o - a potion of invisibility {unknown}
 r - a potion of flight {unknown}


   Skills:
 + Level 4.1 Fighting
 - Level 6.0 Polearms
 - Level 3.0 Throwing
 - Level 4.0 Dodging
 - Level 1.0 Summonings


You had 2 spell levels left.
You knew the following spells:

 Your Spells              Type           Power      Damage    Failure   Level
a - Call Imp              Summ           1%         N/A       47%         2

Your spell library contained the following spells:

 Spells                   Type           Power      Damage    Failure   Level
 Magic Dart               Conj           0%         1d3       47%         1
 Shock                    Conj/Air       0%         1d3       47%         1
 Confusing Touch          Hex            0%         N/A       85%         3
 Mephitic Cloud           Conj/Pois/Air  0%         N/A       85%         3
 Swiftness                Air            0%         N/A       85%         3
 Airstrike                Air            0%         N/A       99%         4
 Yara's Violent Unravell  Hex/Tmut       0%         3d3       100%        5
 Enfeeble                 Hex            0%         N/A       100%        7


Dungeon Overview and Level Annotations

Branches:
Dungeon (4/15)
 Temple: D:4-7

Altars:
Hepliaklqana
Uskayaw
Yredelemnul
Ignis

Shops:
D:1 !   D:2 (


Innate Abilities, Weirdness & Mutations

((You are very nimble when in or above water. (Stealth+, EV+, Speed+++)))
Your lower body shifts to a powerful aquatic tail in water.


Message History

Press: ? - help, Q - select action, (/) - cycle Shift-Dir - straight line, f/p - orc priest
Aim: an orc priest, wielding a +0 hand axe (almost dead, 62% to hit)
You throw a stone. The stone hits the orc priest.
The orc priest is almost dead.
Throw: 82 stones
Press: ? - help, Q - select action, (/) - cycle Shift-Dir - straight line, f/p - orc priest
Aim: an orc priest, wielding a +0 hand axe (almost dead, 62% to hit)
You throw a stone. The stone barely misses the orc priest.
Throw: 81 stones
Press: ? - help, Q - select action, (/) - cycle Shift-Dir - straight line, f/p - orc priest
Aim: an orc priest, wielding a +0 hand axe (almost dead, 62% to hit)
You throw a stone. The stone barely misses the orc priest.
The orc barely misses you.
Throw: 80 stones
Press: ? - help, Q - select action, (/) - cycle Shift-Dir - straight line, f/p - orc priest
Aim: an orc priest, wielding a +0 hand axe (almost dead, 62% to hit)
You throw a stone. The stone barely misses the orc priest.
The orc hits you but does no damage.
You are lethally poisoned!
Okay, then.
It was a potion of curing.
You feel better.
The orc hits you with a +1 mace of venom.
You are poisoned.
The orc hits you but does no damage.
You feel sick.
You feel sick.
You feel sick.
You barely miss the orc.
You feel sick. The orc barely misses you.
You hit the orc.
The orc is heavily wounded.
You feel sick. The orc hits you but does no damage.
You hit the orc.
The orc is severely wounded.
You feel sick.
You are no longer poisoned.
The orc hits you with a +0 hand axe.
* * * LOW HITPOINT WARNING * * *
A protective cloak of flame settles atop you.
The orc hits you with a +0 hand axe.
You die...

#.........#..≈.≈≈≈≈≈.≈.....
#.....>..##..≈.§§§.†.§.....
##........#..≈≈§≈§≈§≈≈.....
###...#.##....§§§.........
###...##.........?.........
#......#.####..............
#.........###..#...........
##.............oo#.+#######
##.#####......?@#.# ###
#..........# ##.........#
##.#.##.#.# ########.# .# #


You could see 2 orcs.

Vanquished Creatures
  A phantom (D:4)
  An adder (D:2)
  A worm (D:2)
  2 dart slugs (D:3)
  An orc (D:2)
  6 endoplasms
  3 giant cockroaches
  7 goblins
  4 hobgoblins
  2 jackals (D:1)
  8 ball pythons
  5 bats
  7 frilled lizards
  8 kobolds
  3 rats
59 creatures vanquished.

Vanquished Creatures (collateral kills)
  A giant cockroach (D:2)
1 creature vanquished.

Vanquished Creatures (others)
  21 foxfires (D:4)
21 creatures vanquished.

Grand Total: 81 creatures vanquished

Notes
Turn   | Place    | Note
-------+----------+-------------------------------------------
     0 | D:1      | enile the Merfolk Gladiator began the quest for the Orb.
     0 | D:1      | Reached XP level 1. HP: 16/16 MP: 1/1
    56 | D:1      | Reached skill level 5 in Polearms
   259 | D:1      | Reached XP level 2. HP: 23/23 MP: 2/2
   315 | D:1      | Found a faded altar of an unknown god.
   317 | D:1      | Found Yruvem's Distillery.
   324 | D:1      | Prayed at the altar of an unknown god.
   324 | D:1      | Became a worshipper of Ignis, the Dying Flame
  1206 | D:2      | Reached XP level 3. HP: 20/29 MP: 3/3
  1326 | D:2      | Learned a level 2 spell: Call Imp
  1974 | D:2      | Found Kohimouh's Weapon Shoppe.
  2109 | D:3      | Reached skill level 1 in Summonings
  2188 | D:3      | Reached XP level 4. HP: 35/35 MP: 4/4
  2649 | D:3      | Found a hazy altar of Hepliaklqana.
  2851 | D:3      | Found a basalt altar of Yredelemnul.
  3086 | D:4      | Noticed a phantom
  3091 | D:4      | Found a hide-covered altar of Uskayaw.
  3097 | D:4      | Killed a phantom
  3098 | D:4      | Reached skill level 6 in Polearms
  3098 | D:4      | Reached XP level 5. HP: 6/42 MP: 5/5
  3112 | D:4      | Slain by an orc

Illustrated notes

Levels and vault maps discovered:
D:1:      elethiomel_arrival_infinity_welcomes_careful_drivers, layout_basic,
          serial_corexii_hall, corexii_hall_statues_x,
          chequers_hall_statues_corner_a, ebering_ecumenical_altar_rust,
          serial_shops, nicolae_shop_stone, ebering_dispersal_statue_hall,
          minmay_misc_feat_enclosed, minmay_3d_cube
D:2:      layout_loops_ring, serial_shops, nicolae_shop_crystal
D:3:      layout_basic, nzn_hepliaklqana_mist_gate,
          mainiacjoe_overflow_boulevard
D:4:      minmay_goblin_kobold_castle, layout_cave_pools,
          mainiacjoe_overflow_concentric_impassable, minivault_19, minivault_11,
          chequers_decorated_corner

Skill      XL: |  1  2  3  4 |
---------------+-------------+-----
Polearms       | 5 6 |  6.0
Fighting       | 3 4 |  4.1
Throwing       | 3 |  3.0
Summonings     | 1 |  1.0
Dodging        | |  4.0

Action                   |  1- 3 |  4- 6 || total
-------------------------+-------+-------++-------
Melee: Trident           |    94 |    58 ||   152
Throw: Stone             |    13 |     6 ||    19
 Cast: Call Imp          |     1 |       ||     1
Invok: Foxfire Swarm     |       |     1 ||     1
       Fiery Armour      |       |     1 ||     1
  Use: Potion            |       |     1 ||     1
 Stab: Sleeping          |     1 |       ||     1
Armor: Leather armour    |     2 |    12 ||    14
       Ring mail         |    18 |       ||    18
Dodge: Dodged            |    48 |    31 ||    79

Table legend: (Time is in decaauts)
 A = Elapsed time spent in this place.
 B = Non-inter-level travel time spent in this place.
 C = Inter-level travel time spent in this place.
 D = Time resting spent in this place.
 E = Time spent auto-exploring this place.
 F = Levels seen in this place.
 G = Mean time per level.
                   A        B        C        D        E       F      G
               +--------+--------+--------+--------+--------+-----+--------+
         Total |   3117 |   3052 |     65 |      0 |   2629 |   4 |  779.2 |
       Dungeon |   3117 |   3052 |     65 |      0 |   2629 |   4 |  779.2 |
               +--------+--------+--------+--------+--------+-----+--------+

Top non-repeatable levels by time:
     D:1: 1091 daAuts
     D:2: 1017 daAuts
     D:3: 866 daAuts
     D:4: 142 daAuts
